 Dungeon Crawl Stone Soup version 0.22.1-1-ga44c0e5 (webtiles) character file.

115 experimilk the Digger (level 4, -2/36 HPs)
             Began as a Draconian Earth Elementalist on Oct 23, 2018.
             Killed by nerve-wracking pain
             ... invoked by an orc priest
              (11 damage)
             ... on level 2 of the Dungeon.
             The game lasted 00:11:55 (2785 turns).

experimilk the Digger (DrEE)                        Turns: 2785, Time: 00:11:55

Health: -2/36      AC:  6    Str: 10    XL:     4   Next: 68%
Magic:  2/8        EV: 12    Int: 16    God:
Gold:   113        SH:  4    Dex: 12    Spells: 5/9 levels left

rFire    . . .     SeeInvis .   f - +1 short sword (holy)
rCold    + . .     Gourm    .   (no shield)
rNeg     . . .     Faith    .   (armour unavailable)
rPois    .         Spirit   .   (helmet restricted)
rElec    .         Reflect  +   k - +0 cloak
rCorr    .         Harm     .   (no gloves)
MR       .....                  (no boots)
Stlth    ++........             i - +4 amulet of reflection
HPRegen  0.12/turn              h - ring of protection from cold
MPRegen  0.11/turn              (no ring)

@: lethally poisoned (-2 -> -30)
A: unfitting armour, cold-blooded, AC +5
a: no special abilities


You were on level 2 of the Dungeon.
You were not hungry.

You visited 1 branch of the dungeon, and saw 3 of its levels.

You collected 113 gold pieces.

Inventory:

Hand Weapons
 f - a +1 short sword of holy wrath (weapon)
Missiles
 b - 70 stones (quivered)
Armour
 k - a +0 cloak (worn)
Jewellery
 h - a ring of protection from cold (left hand)
 i - a +4 amulet of reflection (around neck)
Scrolls
 a - 4 scrolls of remove curse
 d - a scroll of fog
 j - a scroll of amnesia {unknown}
 m - a scroll of teleportation {unknown}
 n - a scroll of blinking {unknown}
 o - a scroll of magic mapping {unknown}
 p - 3 scrolls of enchant weapon
Potions
 g - a potion of curing
 q - a potion of agility
 r - a potion of resistance
Comestibles
 c - 4 rations
 l - 2 chunks of flesh


   Skills:
 + Level 1.9 Fighting
 - Level 1.7 Dodging
 - Level 1.7 Stealth
 * Level 3.2 Spellcasting
 + Level 0.5 Conjurations
   Level 1.0 Transmutations
 * Level 4.0 Earth Magic


You had 5 spell levels left.
You knew the following spells:

 Your Spells              Type           Power        Failure   Level  Hunger
a - Sandblast             Erth           ###...       3%          1    None
s - Stone Arrow           Conj/Erth      #.....       22%         3    ###....

Your spell library contained the following spells:

 Spells                   Type           Power        Failure   Level  Hunger
 Passwall                 Tmut/Erth      ##......     10%         2    ##.....
 Petrify                  Tmut/Erth      ##......     54%         4    ####...
 Lee's Rapid Deconstruct  Erth           ###.......   67%         5    ######.


Dungeon Overview and Level Annotations

Branches:
Dungeon (3/15)

Altars:
Uskayaw


Innate Abilities, Weirdness & Mutations

Your plain brown scales are hard. (AC +5)
You cannot fit into any form of body armour.
You are cold-blooded and may be slowed by cold attacks.


Message History

You hit the orc priest but do no damage.
The orc priest is moderately wounded.
You feel sick.
The orc priest hits you but does no damage.
You are more poisoned.
You closely miss the orc priest.
The orc priest is moderately wounded.
You feel very sick.
The orc priest casts a cantrip, but nothing happens.
You hit the orc priest.
The orc priest is severely wounded.
You feel very sick.
The orc priest hits you but does no damage.
You closely miss the orc priest.
The orc priest is severely wounded.
* * * LOW HITPOINT WARNING * * *
You feel sick.
The orc priest mumbles some strange prayers to Beogh against you.
Pain shoots through your body!
You die...

#..........#.#
#.#.
##########.#.#
#.#. #.#.#
##############.#.
#.#.#
#...........##.#.
#.#.#
#.#########.##.#.
#.#.###.## #.##.#.
#.#.##...#####
##.##.#.
#.#..........#
#.......
#.####@o.###.#
#..##... #####.#
##.####.###..###.#
#.....#
#.##.....#..# #.#
#.#####
#.##.###.#..# #.#
#.# #....# #.)(.#
#.# #.#
####.###.#.####.#
#.# #.<...#.###...
#.# ###.###.......
#.# #.# #######.


You could see an orc priest.

Vanquished Creatures
  An orc wizard (D:3)
  3 adders
  A worm (D:2)
  2 dart slugs
  2 orcs (D:3)
  10 bats
  4 giant cockroaches
  8 goblins
  6 hobgoblins
  2 jackals (D:1)
  5 kobolds
  5 frilled lizards
  7 rats
56 creatures vanquished.

Notes
Turn   | Place    | Note
-------+----------+-------------------------------------------
     0 | D:1      | experimilk the Draconian Earth Elementalist began the quest
                  | for the Orb.
     0 | D:1      | Reached XP level 1. HP: 14/14 MP: 3/3
   425 | D:1      | Reached XP level 2. HP: 22/22 MP: 1/5
   690 | D:1      | Reached skill level 1 in Fighting
   919 | D:1      | Reached XP level 3. HP: 28/28 MP: 3/6
  1590 | D:2      | Learned a level 3 spell: Stone Arrow
  1993 | D:2      | Found a hide-covered altar of Uskayaw.
  2189 | D:2      | Reached XP level 4. HP: 35/35 MP: 4/8
  2625 | D:3      | Reached skill level 4 in Earth Magic
  2785 | D:2      | Killed from afar by an orc priest

Skill      XL: |  1  2  3  4 |
---------------+-------------+-----
Fighting       | 1 |  1.9
Spellcasting   | 3 |  3.2
Earth Magic    | 4 |  4.0
Dodging        | |  1.7
Stealth        | |  1.7
Conjurations   | |  0.5
Transmutations | |  1.0

Action                   |  1- 3 |  4- 6 || total
-------------------------+-------+-------++-------
Melee: Unarmed           |    10 |       ||    10
       Short sword       |     5 |    19 ||    24
       Tailslap          |     1 |       ||     1
 Cast: Sandblast         |    72 |    23 ||    95
  Use: Scroll            |     3 |     4 ||     7
       Potion            |       |     1 ||     1
  Eat: Chunk             |     4 |     2 ||     6
Armor: Skin              |    13 |    14 ||    27
Dodge: Dodged            |    29 |    12 ||    41
Block: Other             |     1 |     5 ||     6
       Reflection        |       |     1 ||     1
